 Dungeon Crawl Stone Soup version 0.27-a0-223-ge082b6e869 (webtiles) character file.

Game seed: 3110194779521847710

4409 sanka the Covert (level 10, -1/51 HPs)
             Began as a Spriggan Enchanter on Feb 1, 2021.
             Was an Elder of Ru.
             Slain by a death yak (9 damage)
             ... on level 8 of the Dungeon.
             The game lasted 00:14:49 (8997 turns).

sanka the Covert (Spriggan Enchanter)               Turns: 8997, Time: 00:14:49

Health: -1/51      AC:  4    Str: 10    XL:     10   Next: 14%
Magic:  0/15       EV: 27    Int: 17    God:    Ru [****..]
Gold:   475        SH:  0    Dex: 20    Spells: 6/15 levels left

rFire    + . .     SeeInvis +   a - +1 dagger
rCold    . . .     Faith    .   (shield restricted)
rNeg     . . .     Spirit   +   u - +2 robe {rF+}
rPois    .         Reflect  .   (helmet restricted)
rElec    .         Harm     .   e - scarf {shadows}
rCorr    .         Rampage  .   (gloves unavailable)
Will     +....                  (boots unavailable)
Stlth    +++++.....             z - amulet of guardian spirit
HPRegen  0.17/turn              A - +6 ring of strength
MPRegen  0.14/turn              d - ring of wizardry

@: confusing touch, very quick
A: very small, unfitting armour, see invisible, speed 3, inability to use
devices, inability to train armour
a: Renounce Religion, Draw Out Power, Power Leap


You were on level 8 of the Dungeon.
You worshipped Ru.
Ru was greatly pleased with you.
You visited 1 branch of the dungeon, and saw 8 of its levels.

You collected 475 gold pieces.


Innate Abilities, Weirdness & Mutations

You are very small and have problems with some larger weapons.
You are too small for most types of armour.
You have supernaturally acute eyesight. (SInv)
You cover ground extremely quickly.
You cannot study or use magical devices.
You cannot train Armour skill.


   Skills:
 + Level 4.5 Fighting
 - Level 8.0 Short Blades
 + Level 9.9 Dodging
 - Level 12.0 Stealth
 - Level 3.0 Spellcasting
 - Level 8.0 Hexes


You had 6 spell levels left.
You knew the following spells:

 Your Spells              Type           Power        Failure   Level
x - Confusing Touch       Hex            29%          1%          3
z - Ensorcelled Hibernat  Hex/Ice        32%          1%          2
X - Tukima's Dance        Hex            29%          1%          3
Z - Corona                Hex            32%          1%          1

Your spell library contained the following spells:

 Spells                   Type           Power        Failure   Level
 Dazzling Flash           Conj/Hex       32%          4%          3
 Beastly Appendage        Tmut           4%           7%          1
 Wereblood                Tmut           2%           11%         2
 Spider Form              Tmut/Pois      1%           21%         3
 Ice Form                 Ice/Tmut       2%           52%         4
 Blade Hands              Tmut           1%           86%         5

Inventory:

Hand Weapons
 a - a +1 dagger (weapon)
 b - a +0 dagger of distortion
Missiles
 D - 5 curare-tipped darts {=f}
 H - a throwing net {=f}
Armour
 e - a scarf of shadows (worn)
 u - a +2 robe of fire resistance (worn)
 y - a +0 cloak
 E - a +2 robe of cold resistance
Jewellery
 d - a ring of wizardry (right hand)
 z - an amulet of guardian spirit (around neck)
 A - a +6 ring of strength (left hand)
Scrolls
 c - 3 scrolls of amnesia {unknown}
 f - 6 scrolls of magic mapping {unknown}
 h - 6 scrolls of teleportation {unknown}
 m - 2 scrolls of enchant weapon {unknown}
 o - a scroll of immolation {unknown}
 p - 5 scrolls of identify {unknown}
 s - a scroll of fog {unknown}
 t - 4 scrolls of remove curse {unknown}
 x - 3 scrolls of blinking {unknown}
 F - a scroll of noise {unknown}
Potions
 g - 4 potions of heal wounds {unknown}
 i - 2 potions of degeneration {unknown}
 j - 8 potions of curing {@q1}
 k - a potion of invisibility {unknown}
 l - 2 potions of haste {unknown}
 n - 3 potions of flight {unknown}
 q - a potion of magic {unknown}
 r - a potion of ambrosia {unknown}
 v - a potion of mutation {unknown}
 w - 2 potions of might {unknown}

Dungeon Overview and Level Annotations

Branches:
Dungeon (8/15)             Temple (0/1) D:6
   Lair: D:8-11

Altars:
Ashenzari
Cheibriados
Dithmenos
Elyvilon
Fedhas
Gozag
Hepliaklqana
Makhleb
Qazlal
Ru
Uskayaw
Vehumet
Xom
The Shining One

Shops:
D:6 [

Annotations:
D:8 Erica

▒▒▒▒▒▒▒▒.▒
▒▒▒▒▒....▒
..)...▒▒▒▒
▒▒...▒▒▒▒▒ ▒▒
...▒.....▒ ▒▒.▒
.▒▒▒▒▒▒▒.▒▒▒ ...
▒▒ ▒...▒▒▒▒▒ ▒.▒ ▒
▒▒▒.....▒▒▒▒▒▒▒£.▒
▒ ▒▒▒▒▒..iY.....▒
▒▒▒▒▒▒.h.▒▒
▒....▒[▒▒ ▒
▒.▒▒▒▒..▒ ▒ ▒
▒▒▒▒▒.▒▒▒▒▒ ▒
...▒..........▒
▒............
▒......o......
▒..Y..........


You could see a death yak and a jackal.


Message History

You kill the jackal!
Items here: ) [ †††.
You hit the orc but do no damage. The orc hits you with a +0 hand axe.
You hit the orc.
The orc is heavily wounded.
You hit the orc.
You kill the orc!
Your hands begin to glow red.
You hit the death yak but do no damage. The death yak barely misses you.
You hit the death yak but do no damage. You hit the death yak but do no damage.
The death yak gores you!
You hit the death yak but do no damage. You hit the death yak but do no damage.
The death yak closely misses you.
You hit the death yak but do no damage. The death yak completely misses you.
You hit the death yak but do no damage. You hit the death yak but do no damage.
The death yak gores you!!
* * * LOW HITPOINT WARNING * * *
You hit the death yak but do no damage. You hit the death yak but do no damage.
The death yak gores you!
* * * LOW HITPOINT WARNING * * *
You hit the death yak but do no damage. The death yak gores you!
You die...

Action                   |  1- 3 |  4- 6 |  7- 9 | 10-12 || total
-------------------------+-------+-------+-------+-------++-------
Melee: Dagger            |    82 |    48 |   215 |    37 ||   382
 Cast: Corona            |     6 |       |       |       ||     6
       Ensorcelled Hiber |    12 |    22 |    40 |    18 ||    92
       Confusing Touch   |       |     2 |    22 |     2 ||    26
Invok: Sacrifice Durabil |       |       |     1 |       ||     1
       Sacrifice Artific |       |       |     1 |       ||     1
Evoke: Wand              |       |       |     4 |       ||     4
 Stab: Sleeping          |    18 |    24 |    49 |    11 ||   102
       Confused          |       |     2 |    21 |     1 ||    24
       Distracted        |       |     1 |     2 |       ||     3
       Paralysed         |       |       |     2 |       ||     2
Armor: Robe              |    11 |     1 |     7 |     1 ||    20
Dodge: Dodged            |    63 |    35 |   127 |    21 ||   246

Levels and vault maps discovered:
D:1:      ncdulo_watergridlock, layout_basic, kennysheep_boxes
D:2:      layout_basic, vehumet_crystals, general_overflow_altar, uniq_natasha,
          uniq_terence, uniq_jessica
D:3:      layout_rooms, chequers_temple_overflow_statue_of_worship,
          lemuel_round_altar, kennysheep_generic_room_8
D:4:      layout_basic, fedhas_bush_and_centaur_altar, serial_curves,
          eino_curves_03, eino_curves_03, chequers_serial_rivers_large_a,
          nrook_campfire, kennysheep_dice, uniq_eustachio, uniq_duvessa,
          uniq_sigmund
D:5:      layout_basic, kennysheep_mini, xom_teletrap_fun,
          kennysheep_cluttered_room, chequers_arboretum,
          hangedman_feature_mirror
D:6:      layout_basic, ashenzari_conservatory_becter,
          minmay_temple_entry_waves, serial_shops, shop, uniq_prince_ribbit1
D:7:      layout_rooms, kennysheep_little_box, kennysheep_generic_room_9,
          uniq_harold, uniq_menkaure
D:8:      layout_rooms, dpeg_lair_monsters, dk_vineyard_2, uniq_grum, uniq_erica

Notes
Turn   | Place    | Note
-------+----------+-------------------------------------------
     0 | D:1      | sanka the Spriggan Enchanter began the quest for the Orb.
     0 | D:1      | Reached XP level 1. HP: 9/9 MP: 5/5
   103 | D:1      | Reached skill level 5 in Stealth
   572 | D:1      | Reached XP level 2. HP: 8/13 MP: 6/6
   699 | D:1      | Learned a level 2 spell: Ensorcelled Hibernation
   918 | D:1      | Reached skill level 6 in Stealth
  1166 | D:1      | Reached XP level 3. HP: 16/16 MP: 8/8
  1356 | D:2      | Found a radiant altar of Vehumet.
  1509 | D:2      | Noticed Natasha
  1514 | D:2      | Killed Natasha
  1515 | D:2      | Reached skill level 7 in Stealth
  1539 | D:2      | Noticed Jessica
  1545 | D:2      | Killed Jessica
  1546 | D:2      | Reached XP level 4. HP: 21/21 MP: 6/9
  1746 | D:2      | Noticed Natasha
  1750 | D:2      | Killed Natasha
  1751 | D:2      | Reached skill level 2 in Short Blades
  1751 | D:2      | Reached skill level 8 in Stealth
  1774 | D:2      | Found a hazy altar of Hepliaklqana.
  1798 | D:2      | Noticed Natasha
  1804 | D:2      | Killed Natasha
  2017 | D:2      | Noticed Terence
  2022 | D:2      | Killed Terence
  2023 | D:2      | Reached skill level 3 in Short Blades
  2023 | D:2      | Reached XP level 5. HP: 24/24 MP: 10/10
  2258 | D:3      | Found a glowing golden altar of the Shining One.
  2431 | D:3      | Learned a level 3 spell: Confusing Touch
  2435 | D:3      | Learned a level 3 spell: Tukima's Dance
  2667 | D:3      | Noticed a centaur
  2921 | D:3      | Killed a centaur
  2922 | D:3      | Reached skill level 4 in Short Blades
  3096 | D:3      | Reached XP level 6. HP: 28/28 MP: 11/11
  3216 | D:3      | Found a sacrificial altar of Ru.
  3217 | D:3      | Found a burning altar of Makhleb.
  3218 | D:3      | Found a snail-covered altar of Cheibriados.
  3218 | D:3      | Found a white marble altar of Elyvilon.
  3225 | D:3      | Became a worshipper of Ru the Awakened
  3307 | D:4      | Noticed Eustachio
  3309 | D:4      | Killed Eustachio
  3310 | D:4      | Reached skill level 5 in Short Blades
  3310 | D:4      | Reached skill level 1 in Fighting
  3310 | D:4      | Reached skill level 4 in Dodging
  3351 | D:4      | Found a blossoming altar of Fedhas.
  3730 | D:4      | Reached skill level 2 in Fighting
  3730 | D:4      | Reached skill level 5 in Dodging
  3730 | D:4      | Reached XP level 7. HP: 35/35 MP: 7/12
  3813 | D:4      | Noticed Duvessa
  3816 | D:4      | Noticed Dowan
  3819 | D:4      | Killed Duvessa
  3836 | D:4      | Killed Dowan
  4013 | D:4      | Noticed Sigmund
  4018 | D:4      | Killed Sigmund
  4019 | D:4      | Reached skill level 3 in Fighting
  4019 | D:4      | Reached skill level 7 in Dodging
  4334 | D:5      | Entered Level 5 of the Dungeon
  4369 | D:5      | Found a shadowy altar of Dithmenos.
  4692 | D:5      | Found a hide-covered altar of Uskayaw.
  4801 | D:5      | Gained mutation: You cannot train Armour skill. [Ru
                  | sacrifice]
  4801 | D:5      | Reached * piety under Ru
  4988 | D:5      | Reached skill level 8 in Dodging
  4988 | D:5      | Reached skill level 3 in Spellcasting
  5063 | D:5      | Reached skill level 4 in Hexes
  5194 | D:5      | Found a shimmering altar of Xom.
  5304 | D:5      | Found an opulent altar of Gozag.
  5478 | D:6      | Found Omett's Antique Armour Emporium.
  5607 | D:6      | Found a broken altar of Ashenzari.
  5626 | D:6      | Reached XP level 8. HP: 40/40 MP: 13/13
  5778 | D:6      | Noticed Prince Ribbit
  5782 | D:6      | Killed Prince Ribbit
  5783 | D:6      | Reached skill level 6 in Hexes
  5865 | D:6      | Reached skill level 7 in Hexes
  6020 | D:6      | Reached skill level 8 in Hexes
  6296 | D:6      | Found a staircase to the Ecumenical Temple.
  6755 | D:7      | Reached skill level 9 in Stealth
  6791 | D:7      | Noticed Harold
  7006 | D:7      | Noticed Menkaure
  7027 | D:7      | Killed Menkaure
  7028 | D:7      | Reached skill level 6 in Short Blades
  7028 | D:7      | Reached XP level 9. HP: 20/44 MP: 5/14
  7283 | D:7      | Killed Harold
  7284 | D:7      | Reached skill level 7 in Short Blades
  7284 | D:7      | Reached skill level 10 in Stealth
  7344 | D:7      | Reached skill level 11 in Stealth
  7726 | D:7      | Reached skill level 8 in Short Blades
  7741 | D:7      | Found a stormy altar of Qazlal.
  7935 | D:7      | Reached skill level 12 in Stealth
  8303 | D:8      | Gained mutation: You cannot study or use magical devices.
                  | [Ru sacrifice]
  8303 | D:8      | Reached ** piety under Ru
  8303 | D:8      | Reached *** piety under Ru
  8303 | D:8      | Reached **** piety under Ru
  8348 | D:8      | Reached skill level 9 in Dodging
  8439 | D:8      | Noticed Grum
  8443 | D:8      | Killed Grum
  8444 | D:8      | Reached skill level 4 in Fighting
  8446 | D:8      | Reached XP level 10. HP: 49/49 MP: 12/15
  8962 | D:8      | Noticed a death yak
  8962 | D:8      | Noticed a death yak
  8963 | D:8      | Noticed a death yak
  8963 | D:8      | Noticed Erica
  8997 | D:8      | Slain by a death yak

Vanquished Creatures
  Harold (D:7)
  Prince Ribbit (D:6)
  Sigmund (D:4)
  Eustachio (D:4)
  Grum (D:8)
  Menkaure (D:7)
  Duvessa (D:4)
  2 sky beasts (D:7)
  An ice beast (D:6)
  2 black bears
  3 ogres
  3 centaurs
  A phantom (D:5)
  4 wolves (D:8)
  4 bullfrogs
  Dowan (D:4)
  A scorpion (D:8)
  5 killer bees (D:8)
  9 wights
  An orc priest (D:7)
  3 hounds
  A jelly (D:8)
  2 iguanas
  Jessica (D:2)
  Terence (D:2)
  Natasha (thrice) (D:2)
  2 orc wizards
  A worker ant (D:6)
  A killer bee zombie (D:5)
  A hound zombie (D:5)
  A hound skeleton (D:7)
  2 worker ant zombies (D:7)
  6 gnolls
  4 adders
  A white imp (D:7)
  2 ufetubi (D:5)
  An adder zombie (D:5)
  An adder skeleton (D:8)
  A worm (D:2)
  3 dart slugs (D:1)
  3 leopard geckos
  13 orcs
  A ball python (D:5)
  7 giant cockroaches
  3 goblins
  7 hobgoblins
  5 jackals
  6 quokkas
  2 bats
  3 frilled lizards
  A jackal skeleton (D:4)
  A kobold (D:1)
  A quokka skeleton (D:5)
  8 rats
143 creatures vanquished.
